 Dungeon Sprint DCSS version 0.27-a0-1248-g57ac2eb73c (webtiles) character file.

Game seed: 9754047180212496056

62010 27snakeeyes612 the Minotaur Blade (level 14, -12/162 HPs)
             Began as a Minotaur Berserker on June 10, 2021.
             Was the Champion of Trog.
             Mangled by an ironbound frostheart (17 damage)
             ... in the Dungeon (Sprint IX: "|||||||||||||||||||||||||||||").
             The game lasted 00:09:37 (5109 turns).

27snakeeyes612 the Minotaur Blade (MiBe)            Turns: 5109, Time: 00:09:38

Health: -12/162    AC: 24    Str: 26    XL:     14   Next: 62%
Magic:  4/4        EV: 16    Int:  4    God:    Trog [******]
Gold:   627        SH:  0    Dex: 11    Spells: 13/13 levels left

rFire    . . .     SeeInvis .   A - +8 triple sword of Grandeur {antimagic, Fly}
rCold    . . .     Faith    .   (shield currently unavailable)
rNeg     . . .     Spirit   .   m - +3 chain mail
rPois    .         Reflect  .   (helmet restricted)
rElec    .         Harm     .   (no cloak)
rCorr    .         Rampage  .   y - +0 pair of gloves
Will     +++..     NoTele   +   n - +0 pair of boots
Stlth    ..........             (no amulet)
HPRegen  1.37/turn              k - +2 ring of protection
MPRegen  0.09/turn              l - +2 ring of evasion

@: strong-willed, frozen, flying, regenerating, very slow
A: horns 2, retaliatory headbutt
a: Renounce Religion, Berserk, Trog's Hand, Brothers in Arms


You were in the Dungeon.
You worshipped Trog.
Trog was exalted by your worship.
You visited 1 branch You collected 1370 gold pieces.
You spent 743 gold pieces at shops.

Inventory:

Hand Weapons
 a - a +0 falchion
 o - a +2 morningstar of protection
 p - a +3 scimitar of electrocution
 q - a +9 quarterstaff of flaming
 u - a +4 demon blade of flaming
 v - a +3 great sword of flaming
 A - the +8 triple sword of Grandeur (weapon) {antimagic, Fly}
   (Trog gifted it to you in the Dungeon)

   It reduces the magical energy of the wielder, and disrupts the spells and
   magical abilities of those hit.
   Natural abilities and divine invocations are not affected.
   It grants you flight.
 K - a +1 vampiric great sword
Armour
 b - a +0 animal skin
 m - a +3 chain mail (worn)
 n - a +0 pair of boots (worn)
 y - a +0 pair of gloves (worn)
 z - a +0 pair of boots
Jewellery
 k - a +2 ring of protection (left hand)
 l - a +2 ring of evasion (right hand)
 C - a ring of see invisible
 E - a ring of protection from cold
 F - a ring of protection from cold
 G - a ring of protection from cold
Wands
 r - a wand of flame (29)
 x - a wand of digging (4)
Scrolls
 h - 4 scrolls of blinking
 s - 2 scrolls of identify
 t - 2 scrolls of fear
 D - a scroll of magic mapping
 I - a scroll of enchant weapon
 J - a scroll of fog
Potions
 c - 7 potions of curing
 d - 6 potions of heal wounds
 e - 6 potions of haste
 f - 4 potions of magic
 g - 4 potions of berserk rage
 i - a potion of invisibility
 w - a potion of lignification
 B - 2 potions of mutation
 H - a potion of might


   Skills:
 + Level 25.4 Fighting
 + Level 26.7 Long Blades
 + Level 6.1 Staves
 + Level 21.4 Armour
 + Level 12.9 Dodging
 + Level 2.9 Stealth
 + Level 4.2 Evocations


You had 13 spell levels left.
You didn't know any spells.
Your spell library was empty.

Dungeon Overview and Level Annotations

Branches:
Dungeon (1/1)

Altars:
Cheibriados
Dithmenos
Elyvilon
Fedhas
Gozag
Hepliaklqana
Kikubaaqudgha
Makhleb
Nemelex Xobeh
Okawaru
Qazlal
Ru
Sif Muna
Trog
Uskayaw
Vehumet
Wu Jian
Xom
Yredelemnul
Zin
The Shining One
Beogh
Jiyva
Lugonu

Shops:
D *(!*


Innate Abilities, Weirdness & Mutations

You have a pair of horns on your head.
You reflexively headbutt those who attack you in melee.


Message History

Something appears at your feet!
You see here the +11 lajatang of the Neverending Suns {flame, *Slow rN+ Will+ Str+2}.
Trog grants you a weapon!
Trog appreciates your killing of a magic user.
The ice encasing you melts away.
Unknown command.
You slash the boulder beetle!
The boulder beetle is lightly wounded.
The ironbound frostheart calls freezing cold from the walls.
The frost grips you!!
You are encased in ice.
You hit the boulder beetle but do no damage.
You headbutt the boulder beetle.
The boulder beetle is lightly wounded.
The boulder beetle bites you.
A vault sentinel comes into view. It is wielding a +0 falchion.
The ironbound frostheart calls freezing cold from the walls.
The frost grips you!!
* * * LOW HITPOINT WARNING * * *
You slice the boulder beetle!!
You headbutt the boulder beetle, but do no damage.
The boulder beetle is heavily wounded.
The boulder beetle misses you.
You slash the boulder beetle!
The boulder beetle is severely wounded.
You open the boulder beetle like a pillowcase!!!
You kill the boulder beetle!
Trog accepts your kill.
You open the ironbound frostheart like a pillowcase!!!
The ironbound frostheart's magic leaks into the air.
The ironbound frostheart is severely wounded.
The ice encasing you melts away.
The ironbound frostheart calls freezing cold from the walls.
The frost grips you!!
* * * LOW HITPOINT WARNING * * *
You are encased in ice.
The ironbound frostheart touches you.
* * * LOW HITPOINT WARNING * * *
The ironbound frostheart freezes you!
You die...

,*,*,*,*,*,*,*,▓.▓.♣)♣.▓[▓.▓)▓.▓†
,*,*,*,*,*,*,*,▓.▓.♣.♣.▓.▓.▓.▓.▓†
,*,*,*,*,*,*,*,▓.▓.♣.♣.▓.▓.▓.▓.▓.
,*,*,*,*,*,*,*,▓.▓.♣.♣.▓.▓.▓.▓.▓.
,*,*,*,*+*,*,*,▓.▓.▓†▓.▓.▓.▓.▓.▓.
,*,*+*,*,*,*,*,▓)▓.▓.▓.▓)▓.▓.▓.▓.
,*,*,*,*,*,*,*,▓)▓.▓)▓.▓.▓.▓.▓.▓.
,*,*,*,*,*,*,*,▓)▓.▓)▓.▓.▓.▓.▓.▓.
,*,*,*,*,*,*,*,▓@▓.▓.▓.▓(▓.▓.▓.▓.
,*,*,*,*,*,*,*,▓p▓.▓.▓.▓.▓.▓)▓.▓.
,*,*,*,*,*,*,*,▓c▓.▓.▓.▓(▓.▓)▓.▓)
,*,*,*,*,*,*,*,▓c▓.▓.▓.▓'▓.▓)▓.▓.
,*,*,*,*,*,*,*,▓.▓.▓.▓.▓.▓.▓)▓.▓.
,*,*,*,*,*,*,*,▓p▓.▓.▓.▓)▓.▓)▓.▓†
,*,*,*,*,*,*,*,▓.▓.▓)▓.▓)▓.▓)▓.▓†
,*,*,*,*,*,*,*,▓p▓.▓.▓.▓)▓.▓∩▓.▓†
,*,*,*,*,*,*,*,*p▓.▓.▓.▓.▓.▓)▓.▓.


You could see a yaktaur captain, 2 ironbound frosthearts, a centaur warrior and
an ironbound convoker.

Vanquished Creatures
  A tengu reaver (D)
  2 fire giants (D)
  Aizul (D)
  An ironbound preserver (D)
  2 stone giants (D)
  3 very ugly things (D)
  A bunyip (D)
  Snorg (D)
  3 fire dragons (D)
  2 ettins (D)
  3 great orbs of eyes (D)
  A rakshasa (D)
  3 hydras (D)
  2 ice dragons (D)
  3 boulder beetles (D)
  A ghost crab (D)
  2 catoblepae (D)
  A centaur warrior (D)
  An ironbound frostheart (D)
  An anaconda (D)
  3 alligators (D)
  5 death yaks (D)
  2 tengu warriors (D)
  Urug (D)
  A shock serpent (D)
  A glowing orange brain (D)
  A naga ritualist (D)
  2 ironbound convokers (D)
  A bog body (D)
  A sea snake (D)
  3 orc knights (D)
  2 harpies (D)
  A necromancer (D)
  2 wizards (D)
  A wolf spider (D)
  9 orc sorcerers (D)
  An orb spider (D)
  2 cyclopes (D)
  An ugly thing (D)
  3 water nymphs (D)
  Maurice (D)
  A manticore (D)
  A vault sentinel (D)
  A merfolk siren (D)
  An elephant (D)
  A black mamba (D)
  A guardian serpent (D)
  2 naga magi (D)
  4 cane toads (D)
  Psyche (D)
  A komodo dragon (D)
  A kobold demonologist (D)
  A demonic crawler (D)
  2 trolls (D)
  A jumping spider (D)
  3 hornets (D)
  A slime creature (D)
  3 redbacks (D)
  2 water elementals (D)
  3 yaks (D)
  A vampire mosquito (D)
  A naga (D)
  6 water moccasins (D)
  2 black bears (D)
  9 orc warriors (D)
  A necrophage (D)
  A wolf (D)
  A centaur (D)
  3 bullfrogs (D)
  A scorpion (D)
  A wight (D)
  A howler monkey (D)
  A gnoll shaman (D)
  3 orc priests (D)
  7 orc wizards (D)
  4 orcs (D)
  An endoplasm (D)
  A giant cockroach (D)
  A hobgoblin (D)
  A ball python skeleton (D)
  A giant cockroach simulacrum (D)
  2 goblins (D)
160 creatures vanquished.

Vanquished Creatures (collateral kills)
  Rupert (D)
  2 stone giants (D)
  An orc knight (D)
  An ugly thing (D)
  An orc warrior (D)
6 creatures vanquished.

Vanquished Creatures (others)
  An anaconda (D)
  A bloated husk (D)
  A spriggan (D)
  An orc wizard (D)
4 creatures vanquished.

Grand Total: 170 creatures vanquished

Notes
Turn   | Place    | Note
-------+----------+-------------------------------------------
     0 | D        | 27snakeeyes612 the Minotaur Berserker began the quest for
                  | the Orb.
     0 | D        | Reached XP level 1. HP: 19/19 MP: 0/0
     5 | D        | Reached skill level 4 in Long Blades
     8 | D        | Reached ** piety under Trog
    52 | D        | Noticed a black bear
    52 | D        | Noticed a black bear
    52 | D        | Noticed a necrophage
    52 | D        | Noticed a scorpion
    57 | D        | Killed a black bear
    58 | D        | Reached skill level 7 in Long Blades
    58 | D        | Reached XP level 2. HP: 34/34 MP: 1/1
    58 | D        | Reached XP level 3. HP: 39/39 MP: 2/2
    58 | D        | Reached XP level 4. HP: 47/47 MP: 3/3
    61 | D        | Killed a black bear
    61 | D        | Reached *** piety under Trog
    62 | D        | Reached skill level 9 in Long Blades
    62 | D        | Reached XP level 5. HP: 56/56 MP: 4/4
    65 | D        | Killed a necrophage
    66 | D        | Reached skill level 10 in Long Blades
    66 | D        | Reached skill level 5 in Armour
    66 | D        | Reached skill level 5 in Dodging
    66 | D        | Reached XP level 6. HP: 64/64 MP: 5/5
    70 | D        | Reached skill level 10 in Fighting
    70 | D        | Reached **** piety under Trog
   102 | D        | Found a snail-covered altar of Cheibriados.
   102 | D        | Found a shadowy altar of Dithmenos.
   102 | D        | Found a white marble altar of Elyvilon.
   102 | D        | Found a blossoming altar of Fedhas.
   102 | D        | Found an opulent altar of Gozag.
   103 | D        | Found a hazy altar of Hepliaklqana.
   104 | D        | Found a viscous altar of Jiyva.
   232 | D        | Found an ancient bone altar of Kikubaaqudgha.
   233 | D        | Found a corrupted altar of Lugonu.
   234 | D        | Found a burning altar of Makhleb.
   235 | D        | Found a sparkling altar of Nemelex Xobeh.
   236 | D        | Found an iron altar of Okawaru.
   237 | D        | Found a stormy altar of Qazlal.
   238 | D        | Found a sacrificial altar of Ru.
   239 | D        | Found a shimmering blue altar of Sif Muna.
   240 | D        | Found a bloodstained altar of Trog.
   241 | D        | Found a hide-covered altar of Uskayaw.
   242 | D        | Found a radiant altar of Vehumet.
   243 | D        | Found an ornate altar of the Wu Jian Council.
   244 | D        | Found a shimmering altar of Xom.
   245 | D        | Found a basalt altar of Yredelemnul.
   246 | D        | Found a glowing silver altar of Zin.
   247 | D        | Found a glowing golden altar of the Shining One.
   304 | D        | Noticed a troll
   304 | D        | Noticed a kobold demonologist
   306 | D        | Reached skill level 11 in Long Blades
   317 | D        | Killed a troll
   318 | D        | Reached skill level 12 in Long Blades
   318 | D        | Reached XP level 7. HP: 75/75 MP: 6/6
   321 | D        | Killed a kobold demonologist
   321 | D        | Reached ***** piety under Trog
   322 | D        | Reached skill level 13 in Long Blades
   360 | D        | Noticed a cyclops
   360 | D        | Noticed a slime creature
   360 | D        | Noticed a troll
   360 | D        | Noticed a boulder beetle
   360 | D        | Noticed a vampire mosquito
   360 | D        | Noticed a five-headed hydra
   366 | D        | Killed a cyclops
   366 | D        | Received a gift from Trog
   367 | D        | Reached skill level 14 in Long Blades
   367 | D        | Reached XP level 8. HP: 83/86 MP: 7/7
   373 | D        | Killed a slime creature
   380 | D        | Killed a troll
   386 | D        | Killed a five-headed hydra
   387 | D        | Reached skill level 15 in Long Blades
   387 | D        | Reached skill level 1 in Staves
   387 | D        | Reached XP level 9. HP: 23/96 MP: 8/8
   396 | D        | Killed a boulder beetle
   397 | D        | Reached skill level 15 in Fighting
   397 | D        | Reached skill level 16 in Long Blades
   397 | D        | Reached skill level 10 in Armour
   746 | D        | Noticed Maurice
   767 | D        | Killed Maurice
   849 | D        | Noticed a cane toad
   849 | D        | Noticed a cane toad
   849 | D        | Noticed a komodo dragon
   856 | D        | Killed a cane toad
   857 | D        | Reached XP level 10. HP: 99/106 MP: 9/9
   858 | D        | Killed a cane toad
   866 | D        | Received a gift from Trog
   867 | D        | Reached skill level 17 in Long Blades
   867 | D        | Reached skill level 10 in Dodging
   955 | D        | Noticed a cane toad
   959 | D        | Noticed an elephant
   960 | D        | Reached ****** piety under Trog
   964 | D        | Killed a cane toad
   967 | D        | Noticed a cane toad
   970 | D        | Received a gift from Trog
   976 | D        | Killed an elephant
   980 | D        | Killed a cane toad
  1058 | D        | Noticed a death yak
  1058 | D        | Noticed a catoblepas
  1058 | D        | Noticed a death yak
  1058 | D        | Noticed a death yak
  1058 | D        | Noticed a death yak
  1064 | D        | Killed a death yak
  1065 | D        | Reached skill level 18 in Long Blades
  1065 | D        | Noticed a catoblepas
  1071 | D        | Noticed a death yak
  1072 | D        | Killed a catoblepas
  1081 | D        | Killed a death yak
  1081 | D        | Received a gift from Trog
  1082 | D        | Reached XP level 11. HP: 62/117 MP: 10/10
  1086 | D        | Killed a death yak
  1087 | D        | Reached skill level 5 in Staves
  1088 | D        | Killed a death yak
  1089 | D        | Reached skill level 15 in Armour
  1100 | D        | Killed a catoblepas
  1101 | D        | Reached skill level 1 in Evocations
  1103 | D        | Killed a death yak
  1378 | D        | Reached skill level 19 in Long Blades
  1380 | D        | Received a gift from Trog
  1396 | D        | Received a gift from Trog
  1507 | D        | Noticed an orc knight
  1507 | D        | Noticed an orc sorcerer
  1507 | D        | Noticed an orc knight
  1510 | D        | Killed an orc sorcerer
  1510 | D        | Received a gift from Trog
  1512 | D        | Noticed an orc knight
  1515 | D        | Killed an orc knight
  1516 | D        | Noticed an orc knight
  1584 | D        | Killed an orc knight
  1655 | D        | Killed an orc knight
  1779 | D        | Killed an orc knight
  1779 | D        | Identified the +8 triple sword of Grandeur {antimagic, Fly}
                  | (Trog gifted it to you in the Dungeon)
  1779 | D        | Received a gift from Trog
  1976 | D        | Found Ejixkubbi's General Store.
  1976 | D        | Noticed an orc sorcerer
  1976 | D        | Noticed an orc sorcerer
  1976 | D        | Noticed an orc sorcerer
  1978 | D        | Noticed an orc sorcerer
  1980 | D        | Noticed an orc sorcerer
  1981 | D        | Killed an orc sorcerer
  1982 | D        | Received a gift from Trog
  1983 | D        | Paralysed by an orc sorcerer for 4 turns
  1987 | D        | Killed an orc sorcerer
  1988 | D        | Found Balerush's Antique Weapon Shoppe.
  1991 | D        | Noticed an orc sorcerer
  1992 | D        | Killed an orc sorcerer
  1998 | D        | Noticed a soul eater
  1998 | D        | Killed an orc sorcerer
  1999 | D        | Reached XP level 12. HP: 70/129 MP: 3/11
  1999 | D        | Found Gamacsan's Distillery.
  2008 | D        | Received a gift from Trog
  2021 | D        | Found Zegod's Assorted Antiques.
  2041 | D        | Paralysed by an orc sorcerer for 7 turns
  2049 | D        | Reached skill level 20 in Long Blades
  2049 | D        | Reached skill level 1 in Stealth
  2052 | D        | Received a gift from Trog
  2069 | D        | Bought a potion of haste for 110 gold pieces
  2069 | D        | Bought a potion of heal wounds for 55 gold pieces
  2069 | D        | Bought a potion of haste for 110 gold pieces
  2069 | D        | Bought 2 potions of haste for 220 gold pieces
  2069 | D        | Bought a potion of mutation for 88 gold pieces
  2069 | D        | Bought a potion of mutation for 88 gold pieces
  2074 | D        | Bought a scroll labelled ZIBUCW TASUNOO for 24 gold pieces
  2074 | D        | Bought a scroll labelled AGESHE IPNIKLE for 24 gold pieces
  2074 | D        | Bought a scroll labelled AGESHE IPNIKLE for 24 gold pieces
  2312 | D        | Noticed Psyche
  2317 | D        | Killed Psyche
  2404 | D        | Noticed a boulder beetle
  2404 | D        | Noticed a tengu warrior
  2404 | D        | Noticed an eight-headed hydra
  2411 | D        | Killed a boulder beetle
  2412 | D        | Noticed a centaur warrior
  2422 | D        | Killed a tengu warrior
  2423 | D        | Noticed an ice dragon
  2424 | D        | Killed a six-headed hydra
  2425 | D        | Noticed a rakshasa
  2429 | D        | Noticed a stone giant
  2433 | D        | Noticed a stone giant
  2434 | D        | Killed a centaur warrior
  2435 | D        | Reached skill level 21 in Long Blades
  2435 | D        | Noticed a purple very ugly thing
  2438 | D        | Killed an ice dragon
  2445 | D        | Killed a rakshasa
  2447 | D        | Noticed a great orb of eyes
  2463 | D        | Killed a stone giant
  2468 | D        | Killed a stone giant
  2472 | D        | Killed a purple very ugly thing
  2472 | D        | Received a gift from Trog
  2522 | D        | Killed a great orb of eyes
  2863 | D        | Noticed Aizul
  2880 | D        | Killed Aizul
  2881 | D        | Reached skill level 22 in Long Blades
  3153 | D        | Noticed Urug
  3159 | D        | Killed Urug
  3160 | D        | Reached XP level 13. HP: 130/141 MP: 4/12
  3226 | D        | Received a gift from Trog
  3245 | D        | Received a gift from Trog
  3543 | D        | Noticed a bunyip
  3551 | D        | Killed a bunyip
  3552 | D        | Reached skill level 23 in Long Blades
  3572 | D        | Received a gift from Trog
  3832 | D        | Reached skill level 24 in Long Blades
  3834 | D        | Received a gift from Trog
  3886 | D        | Received a gift from Trog
  3995 | D        | Noticed Snorg
  4004 | D        | Killed Snorg
  4006 | D        | Noticed Rupert
  4015 | D        | Killed Rupert
  4015 | D        | Received a gift from Trog
  4107 | D        | Noticed a fire dragon
  4107 | D        | Noticed a stone giant
  4107 | D        | Noticed an ettin
  4107 | D        | Noticed a tengu reaver
  4112 | D        | Noticed a fire giant
  4120 | D        | Killed a fire dragon
  4125 | D        | Killed a stone giant
  4126 | D        | Reached skill level 25 in Long Blades
  4128 | D        | Killed an ettin
  4241 | D        | Paralysed by a great orb of eyes for 3 turns
  4254 | D        | Reached XP level 14. HP: 128/157 MP: 4/13
  4329 | D        | Killed a tengu reaver
  4329 | D        | Received a gift from Trog
  4435 | D        | Killed a fire giant
  4879 | D        | Noticed a cyan very ugly thing
  4884 | D        | Killed a cyan very ugly thing
  4884 | D        | Received a gift from Trog
  4888 | D        | Noticed a green very ugly thing
  4889 | D        | Noticed a stone giant
  4895 | D        | Killed a green very ugly thing
  4896 | D        | Reached skill level 26 in Long Blades
  4901 | D        | Killed a stone giant
  4902 | D        | Noticed a fire giant
  4920 | D        | Killed a fire giant
  4922 | D        | Received a gift from Trog
  5078 | D        | Noticed an ironbound preserver
  5089 | D        | Received a gift from Trog
  5097 | D        | Killed an ironbound preserver
  5103 | D        | Identified the +11 lajatang of the Neverending Suns {flame,
                  | *Slow rN+ Will+ Str+2} (Trog gifted it to you in the
                  | Dungeon)
  5103 | D        | Received a gift from Trog
  5109 | D        | HP: 5/162 [ironbound frostheart (6)]
  5109 | D        | Mangled by an ironbound frostheart

Illustrated notes

Levels and vault maps discovered:
D:        linesprint [early_d, line_temple, items_1, d_10, items_2, lair_1,
          lair_end, items_3, orc_1, orc_end, items_4, d_15, swamp_1, shoals_1,
          snake_1, spider_1, d_20, vaults_1, items_5, swamp_end, shoals_end,
          snake_end, spider_end, vaults_end, d_27, items_6, zot_1, zot_end,
          crypt_end, forest_end, elf_end, slime_end, tomb_end, abyss_end,
          pan_hell_end]

Skill      XL: |  1  2  3  4  5  6  7  8  9 10 11 12 13 14 |
---------------+-------------------------------------------+-----
Fighting       | 7 8 9 11 13 14 15 17 18 20 23 25 | 25.4
Long Blades    | 7 9 10 12 14 15 16 18 19 22 25 26 | 26.7
Armour         | 4 5 6 7 9 11 14 17 18 20 21 | 21.4
Dodging        | 4 5 7 8 9 10 11 12 | 12.9
Staves         | 1 2 4 6 |  6.1
Evocations     | 2 3 4 |  4.2
Stealth        | 2 |  2.9

Action                   |  1- 3 |  4- 6 |  7- 9 | 10-12 | 13-15 || total
-------------------------+-------+-------+-------+-------+-------++-------
Melee: Falchion          |     9 |    11 |       |       |       ||    20
       Headbutt          |     3 |     4 |    18 |    59 |    53 ||   137
       Scimitar          |       |     8 |    41 |   128 |       ||   177
       Quarterstaff      |       |       |    12 |       |       ||    12
       Triple sword      |       |       |       |    81 |   186 ||   267
       Great sword       |       |       |       |     4 |    15 ||    19
Invok: Berserk           |     2 |     1 |     1 |     1 |     2 ||     7
       Trog's Hand       |       |     1 |     1 |     4 |     6 ||    12
       Brothers in Arms  |       |       |     1 |     3 |     2 ||     6
Evoke: Wand              |       |       |       |     8 |     2 ||    10
  Use: Potion            |       |       |     1 |     2 |     1 ||     4
       Scroll            |       |       |       |     3 |     2 ||     5
Armor: Animal skin       |       |     1 |       |       |       ||     1
       Chain mail        |       |     4 |    19 |    63 |    81 ||   167
Dodge: Dodged            |     7 |     8 |    28 |    90 |   104 ||   237
       Rpst.: Falchion   |     2 |     1 |       |       |       ||     3
       Scimitar          |       |     1 |     3 |    19 |       ||    23
       Triple sword      |       |       |       |     5 |    16 ||    21
       Great sword       |       |       |       |     1 |       ||     1

Table legend: (Time is in decaauts)
 A = Elapsed time spent in this place.
 B = Non-inter-level travel time spent in this place.
 C = Inter-level travel time spent in this place.
 D = Time resting spent in this place.
 E = Time spent auto-exploring this place.
 F = Levels seen in this place.
 G = Mean time per level.
                   A        B        C        D        E       F      G
               +--------+--------+--------+--------+--------+-----+--------+
         Total |   5027 |   5027 |      0 |   2248 |   1296 |   1 | 5027.0 |
       Dungeon |   5027 |   5027 |      0 |   2248 |   1296 |   1 | 5027.0 |
               +--------+--------+--------+--------+--------+-----+--------+

Top non-repeatable levels by time:
       D: 5027 daAuts
